 Dungeon Crawl Stone Soup version 0.19.4-9-g45fd643 (webtiles) character file.

299 Maelstr0m the Shield-Bearer (level 6, -2/49 HPs)
             Began as a Formicid Fighter on Feb 22, 2017.
             Killed by nerve-wracking pain
             ... invoked by an orc priest
              (14 damage)
             ... on level 4 of the Dungeon.
             The game lasted 00:09:12 (3265 turns).

Maelstr0m the Shield-Bearer (Formicid Fighter)      Turns: 3265, Time: 00:09:13

Health: -2/49      AC:  7    Str: 22    XL:     6   Next: 63%
Magic:  6/6        EV:  8    Int: 11    God:
Gold:   282        SH: 14    Dex: 11    Spells: 0 memorised, 5 levels left

rFire  . . .     SeeInvis +     a - +0 war axe
rCold  . . .     Gourm    .     b - +0 scale mail
rNeg   . . .     Faith    .     c - +0 shield
rPois  .         Spirit   .     (helmet unavailable)
rElec  .         Reflect  +     (no cloak)
rCorr  .         Harm     .     (no gloves)
MR     .....                    (no boots)
Stlth  ..........               v - +4 amulet of reflection
                                C - +4 ring of intelligence
                                y - ring of flight

@: no status effects
A: permanent stasis, dig shafts and tunnels, four strong arms, antennae 3
a: Dig, Shaft Self, Evoke Flight


You were on level 4 of the Dungeon.
You were not hungry.

You visited 1 branch of the dungeon, and saw 4 of its levels.

You collected 282 gold pieces.

Inventory:

Hand Weapons
 a - a +0 war axe (weapon)
Missiles
 m - 2 throwing nets
 u - 2 javelins
 D - 8 javelins of penetration (quivered)
Armour
 b - a +0 scale mail (worn)
 c - a +0 shield (worn)
Jewellery
 v - a +4 amulet of reflection (around neck)
 y - a ring of flight (left hand)
 C - a +4 ring of intelligence (right hand)
Wands
 o - a wand of polymorph (14/24)
Scrolls
 g - 3 scrolls of identify {unknown}
 j - 6 scrolls of teleportation {unknown}
 p - a scroll of fear {unknown}
 r - 3 scrolls of remove curse {unknown}
 t - 5 scrolls of amnesia {unknown}
 w - a scroll of magic mapping {unknown}
 x - a scroll of enchant armour {unknown}
Potions
 d - a potion of might
 e - a potion of mutation {unknown}
 h - 2 potions of haste {unknown}
 n - 2 potions of brilliance {unknown}
 q - a potion of heal wounds {unknown}
 s - a potion of beneficial mutation {unknown}
 z - 2 potions of cancellation {unknown}
 A - a potion of lignification {unknown}
 B - 2 potions of resistance {unknown}
Comestibles
 f - 4 bread rations
 k - a beef jerky
 l - 3 meat rations


   Skills:
 + Level 4.5 Fighting
 * Level 4.0 Axes
 + Level 4.5 Armour
 - Level 0.3 Dodging
 + Level 5.0 Shields


You had 5 spell levels left.
You didn't know any spells.

Dungeon Overview and Level Annotations

Branches:
Dungeon (4/15)
 Temple: D:4-7

Altars:
Trog
Uskayaw
Xom

Shops:
D:4 [


Innate Abilities, Weirdness & Mutations

You are under a permanent stasis effect.
You can dig through walls and to a lower floor.
Your four strong arms can wield two-handed weapons with a shield.
You have a pair of large antennae on your head. (SInv)


Message History

Your Axes skill increases to level 4!
The orc priest hits you. You block the orc priest's attack.
You closely miss the orc priest. You barely miss the orc priest.
The orc priest hits you but does no damage.
You block the orc priest's attack. x2
You barely miss the orc priest. You hit the orc priest.
The orc priest hits you but does no damage.
You block the orc priest's attack.
You hit the orc priest but do no damage.
You barely miss the orc priest.
The orc priest invokes the aid of Beogh against you.
Pain shoots through your body!
The orc priest calls down the wrath of Beogh upon you.
Pain shoots through your body!
* * * LOW HITPOINT WARNING * * *
You closely miss the orc priest.
Your shield and scale mail prevent you from hitting the orc priest.
The orc priest invokes the aid of Beogh against you.
Pain shoots through your body!
You die...

......####...........######.....#
......# #................#..#..#
......# #..####.##.#.#####..#..#
......# #....##.................
......####..#....##∩#.#......#...
.................##.#.#..........
#.###.#.....##......#...#........
#.###.#...#.##.[oo..#.#.#........
#............+.)@.....#.#........
......#####.##........)..........
......#####.##........#..........
.................................
..............#'###...#.####.....
..............#..................
..#.#.#######.#####.<...##.#.#...
###.#.#######.# ##.......#.#.##
...........##.## ####.##.#.....


You could see 2 orc priests.

Vanquished Creatures
  An ogre (D:4)
  A crimson imp (D:4)
  An iguana (D:4)
  2 orc wizards (D:4)
  4 adders
  An adder skeleton (D:4)
  2 worms
  2 dart slugs
  A leopard gecko (D:1)
  5 orcs
  2 ball pythons
  4 giant cockroaches
  3 hobgoblins
  3 jackals (D:4)
  A quokka (D:4)
  7 bats
  4 frilled lizards
  4 goblins
  3 kobolds (D:1)
  6 rats
57 creatures vanquished.

Notes
Turn   | Place    | Note
-------+----------+-------------------------------------------
     0 | D:1      | Maelstr0m the Formicid Fighter began the quest for the Orb.
     0 | D:1      | Reached XP level 1. HP: 18/18 MP: 1/1
   148 | D:1      | Reached XP level 2. HP: 22/24 MP: 2/2
   705 | D:2      | Reached skill level 4 in Shields
   705 | D:2      | Reached XP level 3. HP: 17/29 MP: 3/3
  1521 | D:2      | Found a shimmering altar of Xom.
  1523 | D:2      | Found a shimmering altar of Xom.
  1523 | D:2      | Found a hazy altar of Hepliaklqana.
  1525 | D:2      | Found a burning altar of Makhleb.
  1525 | D:2      | Found an iron altar of Okawaru.
  1525 | D:2      | Found a shadowy altar of Dithmenos.
  1684 | D:3      | Reached XP level 4. HP: 35/37 MP: 4/4
  1919 | D:3      | Found a bloodstained altar of Trog.
  2378 | D:4      | Reached XP level 5. HP: 42/42 MP: 5/5
  2408 | D:4      | Found Tuze's Armour Boutique.
  2772 | D:4      | Found a hide-covered altar of Uskayaw.
  2848 | D:4      | Noticed an ogre
  2857 | D:4      | Killed an ogre
  2857 | D:4      | Reached XP level 6. HP: 46/49 MP: 6/6
  2974 | D:4      | Reached skill level 5 in Shields
  3265 | D:4      | Killed from afar by an orc priest

Skill      XL: |  1  2  3  4  5  6 |
---------------+-------------------+-----
Shields        | 4 5 |  5.0
Armour         | 4 |  4.5
Fighting       | 4 |  4.5
Axes           | 3 4 |  4.0
Dodging        | |  0.3

Action                   |  1- 3 |  4- 6 || total
-------------------------+-------+-------++-------
Melee: War axe           |   100 |   140 ||   240
  Eat: Chunk             |     2 |     6 ||     8
Armor: Scale mail        |    41 |    72 ||   113
Dodge: Dodged            |    30 |    37 ||    67
Block: Shield            |    46 |   107 ||   153
